 Dungeon Crawl Stone Soup version 0.23.2-1-ga50397a6bc (webtiles) character file.

Game seed: 10421917137615075824

12393 Mrkan the Impaler (level 11, -4/90 HPs)
             Began as a Minotaur Berserker on May 20, 2019.
             Was a High Priest of Trog.
             Splashed by a brown ugly thing's acid (8 damage)
             ... on level 11 of the Dungeon.
             The game lasted 00:22:19 (9770 turns).

Mrkan the Impaler (Minotaur Berserker)              Turns: 9770, Time: 00:22:20

Health: -4/90      AC: 13    Str: 24    XL:     11   Next: 61%
Magic:  10/10      EV:  9    Int:  4    God:    Trog [*****.]
Gold:   325        SH:  5    Dex: 11    Spells: 10/10 levels left

rFire    x . .     SeeInvis .   B - +2 spear (pierce)
rCold    + . .     Gourm    .   I - +0 buckler
rNeg     . . .     Faith    .   f - +0 storm dragon scales
rPois    .         Spirit   .   (helmet restricted)
rElec    +         Reflect  .   M - +2 cloak
rCorr    .         Harm     .   (no gloves)
MR       ++++.                  (no boots)
Stlth    ..........             j - amulet of regeneration
HPRegen  1.65/turn              D - ring of ice
MPRegen  0.12/turn              H - +1 ring of slaying

@: corroded, berserk cooldown, regenerating, slowed, very slow
A: retaliatory headbutt, horns 2, frail 1, magic resistance 2
a: Berserk, Trog's Hand, Brothers in Arms, Renounce Religion


You were on level 11 of the Dungeon.
You worshipped Trog.
Trog was extremely pleased with you.
You were hungry.

You visited 1 branch of the dungeon, and saw 11 of its levels.
You visited the Abyss 1 time.

You collected 534 gold pieces.
You spent 209 gold pieces at shops.

Inventory:

Hand Weapons
 n - a +0 scythe
 B - a +2 spear of piercing (weapon)
 T - a +0 blowgun
Missiles
 m - 7 curare-tipped needles
 U - 22 poisoned needles
Armour
 d - the cursed +1 robe "Qucvoss" {+Inv Str+3 Dex+3 SInv, unknown}
   (You found it on level 11 of the Dungeon)

   It affects your strength (+3).
   It affects your dexterity (+3).
   It lets you see invisible.
   It lets you turn invisible.
   It has a curse placed upon it.
 f - +0 storm dragon scales (worn)
 i - a +2 chain mail of cold resistance
 I - a +0 buckler (worn)
 M - a +2 cloak (worn)
Jewellery
 a - an uncursed ring of protection from fire {unknown}
 j - an amulet of regeneration (around neck)
 D - a ring of ice (left hand)
 F - an uncursed ring of fire
 H - a +1 ring of slaying (right hand)
 N - an uncursed ring of ice
 O - an uncursed amulet of faith
Wands
 b - a wand of digging (12)
 t - a wand of clouds (4)
 w - a wand of enslavement (11)
 y - a wand of flame (52)
 L - a wand of acid (11)
 Q - a wand of paralysis (8)
Scrolls
 e - 6 scrolls of teleportation
 h - 7 scrolls of remove curse
 k - a scroll of blinking
 l - 2 scrolls of enchant weapon {unknown}
 o - 2 scrolls of enchant armour {unknown}
 p - 5 scrolls of fear
 s - 3 scrolls of magic mapping
 v - 2 scrolls of amnesia {unknown}
 A - a scroll of brand weapon {unknown}
 C - 2 scrolls of fog
 P - a scroll of immolation
 R - a scroll of summoning {unknown}
Potions
 g - a potion of berserk rage {unknown}
 q - a potion of magic
 r - a potion of resistance {unknown}
 u - a potion of ambrosia {unknown}
 x - 2 potions of brilliance
 z - 5 potions of curing
 G - 3 potions of might
 J - 2 potions of lignification
 K - a potion of haste
Comestibles
 c - 12 rations


   Skills:
 - Level 10.3 Fighting
 * Level 15.3 Polearms
 + Level 9.8 Armour
 - Level 2.1 Dodging
 * Level 8.1 Shields


You had 10 spell levels left.
You didn't know any spells.
Your spell library was empty.

Dungeon Overview and Level Annotations

Branches:
Dungeon (11/15)            Temple (0/1) D:4             Orc (0/2) D:11
   Lair: D:8-11

Altars:
Ashenzari
Cheibriados
Dithmenos
Elyvilon
Fedhas
Hepliaklqana
Makhleb
Okawaru
Qazlal
Ru
Sif Muna
Trog
Yredelemnul
Zin

Shops:
D:5 ?   D:8 *[


Innate Abilities, Weirdness & Mutations

You reflexively headbutt those who attack you in melee.
You have a pair of horns on your head.
You are frail. (-10% HP)
You are highly resistant to hostile enchantments. (MR++)


Message History

A wolf comes into view.
The brown ugly thing kicks you. The acid corrodes you!
You are splashed with acid!
* * * LOW HITPOINT WARNING * * *
The brown ugly thing kicks you.
* * * LOW HITPOINT WARNING * * *
You are splashed with acid!
* * * LOW HITPOINT WARNING * * *
The wolf howls!
You hit the brown ugly thing.
The brown ugly thing is moderately wounded.
You barely miss the brown ugly thing.
The brown ugly thing is moderately wounded.
The brown ugly thing closely misses you.
You closely miss the brown ugly thing.
The brown ugly thing is lightly wounded.
The brown ugly thing kicks you!
* * * LOW HITPOINT WARNING * * *
You are splashed with acid!
You die...

######## #......##########
≈ #......#........# ≈≈
#......#........# .≈≈
##......#........# .≈≈≈
.#......#.......†####..≈≈≈
.)......'......).uT.....≈≈
.#......#.......@#......≈≈
.#......##########.h...;≈≈
.######## #...Y.≈≈≈ .#
+...≈hT≈≈ .. #...h.h≈^ ...
#.....≈≈≈ .... .....≈≈≈≈
....# .##....≈≈


You could see a brown ugly thing and a troll.

Vanquished Creatures
  Fannar (D:10)
  Erolcha (D:9)
  3 two-headed ogres
  An unseen horror (D:10)
  An ugly thing (D:10)
  A cyclops (D:11)
  Maurice (D:8)
  Psyche (D:10)
  A gargoyle (D:11)
  A troll (D:11)
  A merfolk (D:9)
  A hornet (D:8)
  Sigmund (D:3)
  3 yaks (D:11)
  2 hungry ghosts
  Menkaure (D:7)
  A water moccasin (D:6)
  3 black bears
  2 eyes of draining
  4 ice beasts
  An orc warrior (D:7)
  3 phantoms
  4 necrophages
  3 sky beasts
  7 ogres
  6 centaurs
  A crocodile (D:11)
  A big kobold (D:11)
  2 bullfrogs
  A gnoll sergeant (D:7)
  A wyvern zombie (D:11)
  3 scorpions
  6 killer bees (D:9)
  4 howler monkeys
  3 crimson imps
  4 hounds
  A jelly (D:8)
  2 centaur skeletons
  3 orc priests
  2 iguanas
  Natasha (thrice) (D:3)
  5 worker ants
  6 orc wizards
  A killer bee zombie (D:8)
  8 ogre zombies (D:11)
  3 hound skeletons
  A howler monkey zombie (D:5)
  A worker ant zombie (D:10)
  6 gnolls
  2 howler monkey skeletons (D:10)
  18 adders
  An ooze (D:4)
  2 adder zombies
  6 worms
  6 leopard geckos
  23 orcs
  3 giant cockroaches
  8 goblins
  10 hobgoblins
  3 jackals
  3 quokkas
  6 bats
  3 frilled lizards
  A goblin skeleton (D:11)
  A goblin zombie (D:11)
  2 hobgoblin skeletons (D:11)
  2 hobgoblin zombies (D:11)
  A jackal zombie (D:7)
  14 kobolds
  A leopard gecko skeleton (D:4)
  4 orc skeletons (D:11)
  14 orc zombies (D:11)
  5 rats
262 creatures vanquished.

Notes
Turn   | Place    | Note
-------+----------+-------------------------------------------
     0 | D:1      | Mrkan the Minotaur Berserker began the quest for the Orb.
     0 | D:1      | Reached XP level 1. HP: 19/19 MP: 0/0
    97 | D:1      | Reached skill level 4 in Polearms
   266 | D:1      | Reached XP level 2. HP: 19/27 MP: 1/1
   652 | D:2      | Found a deep blue altar of Sif Muna.
   665 | D:2      | Reached XP level 3. HP: 26/33 MP: 2/2
   801 | D:2      | Reached ** piety under Trog
  1050 | D:2      | Reached skill level 5 in Polearms
  1067 | D:2      | Found a faded altar of an unknown god.
  1437 | D:3      | Noticed Natasha
  1451 | D:3      | Killed Natasha
  1451 | D:3      | Reached XP level 4. HP: 30/41 MP: 3/3
  1512 | D:3      | Noticed Sigmund
  1528 | D:3      | Killed Sigmund
  1528 | D:3      | Reached skill level 5 in Fighting
  1528 | D:3      | Reached skill level 6 in Polearms
  1528 | D:3      | Reached XP level 5. HP: 29/48 MP: 4/4
  1696 | D:3      | Noticed Natasha
  1704 | D:3      | Killed Natasha
  1704 | D:3      | Reached skill level 7 in Polearms
  1704 | D:3      | Reached XP level 6. HP: 50/56 MP: 5/5
  1778 | D:3      | Noticed Natasha
  1782 | D:3      | Killed Natasha
  2330 | D:3      | Found a stormy altar of Qazlal.
  2681 | D:4      | Reached *** piety under Trog
  2681 | D:4      | Reached skill level 8 in Polearms
  2686 | D:4      | Found a burning altar of Makhleb.
  2733 | D:4      | Reached XP level 7. HP: 59/63 MP: 6/6
  2754 | D:4      | Found a staircase to the Ecumenical Temple.
  3295 | D:5      | Entered Level 5 of the Dungeon
  3341 | D:5      | Found an iron altar of Okawaru.
  3546 | D:5      | Reached skill level 9 in Polearms
  3554 | D:5      | Found a blossoming altar of Fedhas.
  3723 | D:5      | Found Xaixuc's Magic Scroll Shop.
  4466 | D:6      | You fall through a shaft for 3 floors!
  4480 | D:9      | Reached XP level 8. HP: 73/73 MP: 7/7
  4568 | D:9      | Found a shattered altar of Ashenzari.
  4576 | D:9      | Noticed a two-headed ogre
  4584 | D:9      | Killed a two-headed ogre
  4584 | D:9      | Reached skill level 10 in Polearms
  4585 | D:9      | Reached skill level 11 in Polearms
  4585 | D:9      | Reached skill level 5 in Armour
  4664 | D:9      | Found a hazy altar of Hepliaklqana.
  4690 | D:9      | Reached XP level 9. HP: 49/82 MP: 8/8
  4700 | D:9      | HP: 3/82 [poisoned by a killer bee]
  4940 | D:9      | Noticed Erolcha
  4945 | D:9      | Cast into level 1 of the Abyss (Erolcha)
  4975 | D:9      | Escaped the Abyss
  4993 | D:9      | Killed Erolcha
  4993 | D:9      | Reached skill level 12 in Polearms
  5133 | D:8      | Found a snail-covered altar of Cheibriados.
  5175 | D:8      | Found Jolyps's Antique Armour Boutique.
  5178 | D:8      | Paralysed by a hornet for 2 turns
  5183 | D:8      | Paralysed by a hornet for 1 turns
  5202 | D:8      | HP: 6/126 [poisoned by a hornet]
  5208 | D:8      | HP: 5/126 [poisoned by a hornet]
  5214 | D:8      | HP: 5/126 [poisoned by a hornet]
  5222 | D:8      | HP: 3/84 [poisoned by a hornet]
  5583 | D:7      | Reached **** piety under Trog
  5638 | D:7      | Noticed Menkaure
  5647 | D:7      | Killed Menkaure
  6011 | D:7      | Found a basalt altar of Yredelemnul.
  6012 | D:7      | Found a shadowy altar of Dithmenos.
  6133 | D:7      | Found a white marble altar of Elyvilon.
  6272 | D:6      | Reached skill level 13 in Polearms
  6272 | D:6      | Reached XP level 10. HP: 76/93 MP: 9/9
  6543 | D:6      | Reached skill level 10 in Fighting
  6912 | D:8      | Bought a spiked chain mail for 209 gold pieces
  6912 | D:8      | Identified the cursed +0 chain mail "Fucuy" {Int+3} (You
                  | bought it in a shop on level 8 of the Dungeon)
  7017 | D:8      | Noticed a two-headed ogre
  7022 | D:8      | Killed a two-headed ogre
  7065 | D:8      | Found a sacrificial altar of Ru.
  7332 | D:8      | Noticed Maurice
  7346 | D:8      | Killed Maurice
  7346 | D:8      | Reached skill level 1 in Shields
  7415 | D:8      | Found Zin's Purification Station.
  7417 | D:8      | Found a glowing silver altar of Zin.
  7725 | D:9      | Reached skill level 14 in Polearms
  7799 | D:9      | Found a bloodstained altar of Trog.
  7944 | D:10     | Entered Level 10 of the Dungeon
  7944 | D:10     | Noticed Fannar
  7958 | D:10     | Killed Fannar
  7981 | D:10     | Reached ***** piety under Trog
  7995 | D:10     | Noticed a two-headed ogre
  8009 | D:10     | Killed a two-headed ogre
  8009 | D:10     | Reached skill level 5 in Shields
  8033 | D:10     | Reached XP level 11. HP: 88/101 MP: 10/10
  8091 | D:10     | Noticed Psyche
  8105 | D:10     | Killed Psyche
  8267 | D:10     | Noticed a cyan ugly thing
  8287 | D:10     | Killed a cyan ugly thing
  8914 | D:10     | Gained mutation: You are frail. (-10% HP) [potion of
                  | mutation]
  8914 | D:10     | Gained mutation: You are resistant to hostile enchantments.
                  | (MR+) [potion of mutation]
  8914 | D:10     | Gained mutation: You are highly resistant to hostile
                  | enchantments. (MR++) [potion of mutation]
  8949 | D:10     | Killed an unseen horror
  9315 | D:11     | Got a smoking robe
  9388 | D:11     | Reached skill level 15 in Polearms
  9563 | D:11     | Found a staircase to the Orcish Mines.
  9752 | D:11     | Noticed a brown ugly thing
  9770 | D:11     | HP: 4/90 [brown ugly thing (8)]
  9770 | D:11     | Splashed by a brown ugly thing's acid

Skill      XL: |  1  2  3  4  5  6  7  8  9 10 11 |
---------------+----------------------------------+-----
Polearms       | 4 5 6 7 8 9 11 13 14 15 | 15.3
Fighting       | 4 5 6 7 8 9 10 | 10.3
Armour         | 3 5 7 8 9 |  9.8
Shields        | 5 8 |  8.1
Dodging        | |  2.1

Action                   |  1- 3 |  4- 6 |  7- 9 | 10-12 || total
-------------------------+-------+-------+-------+-------++-------
Melee: Spear             |   106 |     8 |    24 |   502 ||   640
       Headbutt          |    13 |    10 |    40 |   119 ||   182
       Scythe            |       |    85 |   164 |       ||   249
Invok: Berserk           |       |     1 |     5 |     6 ||    12
       Trog's Hand       |       |       |     1 |     2 ||     3
  Use: Scroll            |     4 |       |       |    13 ||    17
       Potion            |       |       |     4 |     6 ||    10
  Eat: Chunk             |     1 |     6 |     5 |    13 ||    25
       Ration            |       |       |     3 |     2 ||     5
Armor: Chain mail        |    42 |    75 |   134 |       ||   251
       Animal skin       |     1 |       |       |       ||     1
       Storm dragon scal |       |       |       |   259 ||   259
Dodge: Dodged            |    42 |    31 |   123 |    98 ||   294
Block: Buckler           |       |       |       |    57 ||    57
